 Dungeon Crawl Stone Soup version 0.14-a0-1721-g84c87b2 (webtiles) character file.

104 Mitsuki the Ruffian (level 3, 0/31 HPs)
             Began as a Naga Transmuter on Jan 2, 2014.
             Slain by a jackal (3 damage)
             ... on Level 2 of the Dungeon.
             The game lasted 00:07:00 (1178 turns).

Mitsuki the Ruffian (Naga Transmuter)               Turns: 1178, Time: 00:07:01

HP   0/31        AC  2     Str 12      XL: 3   Next: 22%
MP   5/6         EV 10     Int 14      God:
Gold 73          SH  0     Dex 11      Spells:  2 memorised,  2 levels left

rFire  . . .     SeeInvis +       - Unarmed
rCold  . . .     Clarity  .     c - +0 robe
rNeg   . . .     Conserve .     (no shield)
rPois  +         rCorr    .     (helmet restricted)
rElec  .         rRot     .     (no cloak)
SustAb . .       Spirit   .     (no gloves)
rMut   .         Warding  .     (no barding)
Saprov . . .     Stasis   .     (no amulet)
                                (no ring)
                                (no ring)

@: appendage (expiring), very slow, slightly resistant to hostile enchantments,
unstealthy
A: spit poison, horns 2, see invisible, deformed body, poison resistance,
slowness 2, AC +1
a: Spit Poison, End Transformation


You were on level 2 of the Dungeon.
You were not hungry.
You had grown temporary horns.
You visited 1 branch of the dungeon, and saw 2 of its levels.

You collected 73 gold pieces.

Inventory:

Missiles
 b - 42 arrows
Armour
 c - a +0 robe (worn)
 e - a +1 chain mail of cold resistance
Comestibles
 a - 2 bread rations
 g - an apple
 n - a pear
Scrolls
 f - a scroll of random uselessness {unknown}
 h - a scroll of amnesia {unknown}
 j - 2 scrolls of identify {unknown}
 l - a scroll of teleportation {unknown}
 m - a scroll of enchant weapon I {unknown}
 p - a scroll of curse armour {unknown}
Potions
 k - 2 potions of heal wounds
Books
 d - a book of Changes

   Spells                             Type                      Level
   *Beastly Appendage                 Transmutation                1
   Sticks to Snakes                   Transmutation                2
   *Spider Form                       Transmutation/Poison         3
   Ice Form                           Ice/Transmutation            4
   Blade Hands                        Transmutation                5


   Skills:
 - Level 1.1 Fighting
 - Level 1.9 Dodging
 - Level 3.3 Unarmed Combat
 - Level 2.2 Spellcasting
 * Level 2.4 Transmutations


You had 2 spell levels left.
You knew the following spells:

 Your Spells              Type           Power        Failure   Level  Hunger
a - Beastly Appendage     Trmt           #.....       10%         1    #......
b - Spider Form           Trmt/Pois      #.........   47%         3    ####...


Dungeon Overview and Level Annotations

Branches:
Dungeon (2/16)

Altars:
Nemelex Xobeh
Sif Muna


Innate Abilities, Weirdness & Mutations

You cannot wear boots.
You can spit poison.
Your serpentine skin is tough (AC +1).*
You have supernaturally acute eyesight.
Armour fits poorly on your strangely shaped body.*
Your system is resistant to poisons.*
You cover ground very slowly.*
You have a pair of horns on your head.*


Message History

The jackal misses you. The adder bites you but does no damage.
You see here a dart.
Your transformation is almost over.
The adder bites you. The jackal completely misses you.
The jackal bites you but does no damage.
The adder misses you. The jackal bites you.
* * * LOW HITPOINT WARNING * * *
The jackal bites you.
* * * LOW HITPOINT WARNING * * *
Found a bread ration.
There is a stone staircase leading up here.
The jackal bites you.
* * * LOW HITPOINT WARNING * * *
The jackal completely misses you.
The jackal bites you but does no damage.
The adder bites you but does no damage. The jackal bites you.
* * * LOW HITPOINT WARNING * * *
The jackal bites you.
You die...

####. .........
............
#.?.........##
.............. %.
#.........$.#.##.#.
#...........#......
#........)S......#
#.........h@.....#
#.........hh....##
#........(....###
#........(....#
#.########....#
###### # #....#
#....# #....#
#....# #....#
#....# #....#####
#....#


You could see an adder and 3 jackals.

Vanquished Creatures
  2 giant geckos
  5 bats
  2 giant cockroaches
  2 hobgoblins (D:1)
  6 giant newts
  8 kobolds
  6 rats (D:1)
31 creatures vanquished.

Notes
Turn   | Place    | Note
--------------------------------------------------------------
     0 | D:1      | Mitsuki, the Naga Transmuter, began the quest for the Orb.
     0 | D:1      | Reached XP level 1. HP: 18/18 MP: 3/3
   294 | D:1      | Found a deep blue altar of Sif Muna.
   414 | D:1      | Reached XP level 2. HP: 19/25 MP: 4/4
  1004 | D:1      | Reached XP level 3. HP: 31/31 MP: 6/6
  1023 | D:1      | Learned a level 3 spell: Spider Form
  1065 | D:2      | Found a sparkling altar of Nemelex Xobeh.
  1178 | D:2      | Slain by a jackal

Action                   || total
-------------------------++-------
Melee: Unarmed           ||   148
 Cast: Beastly Appendage ||     4
  Use: Potion            ||     3
